Sharks vs Canadiens
Created - 30 septembre 2014 at 19:07
Goals
|
Sharks |
0 |
1 |
2 |
3 |
Canadiens |
1 |
3 |
5 |
9 |
|
Shots
|
Sharks |
3 |
8 |
12 |
23 |
Canadiens |
8 |
16 |
19 |
43 |
|
1st period
1. Canadiens , Matt Carle 1 (Pierre-Luc Létourneau, Michel Ouellet) at 1:12
Penalties :
Riley Cote (Mon) for Hooking (Minor) at 3:54, Dany Heatley (SJS) for Interference (Minor) at 10:43
2nd period
2. Canadiens , Marek Svatos 3 (Mike Ribeiro, Nicklas Lidstrom) at 4:18
3. Canadiens , Michel Ouellet 1 (Pierre-Luc Létourneau) at 12:04
4. Sharks , Antoine Vermette 1 (Alex Pietrangelo) at 14:45
5. Canadiens , Marek Svatos 4 (Mike Ribeiro, Mike York) at 19:35
Penalties :
Nicklas Lidstrom (Mon) for High sticking (Minor) at 0:50, Daniel Alfredsson (SJS) for Roughing (Minor) at 5:51, Lasse Kukkonen (SJS) for Hooking (Minor) at 19:38
3rd period
6. Canadiens , Radim Vrbata 1 (Mike Ribeiro) at 0:41 (PP)
7. Canadiens , Mike York 1 (Matt Carle, Michel Ouellet) at 5:16
8. Sharks , Antoine Vermette 2 (Shaone Morrisonn, Ted Purcell) at 8:47 (PP)
9. Sharks , Ted Purcell 2 (Antoine Vermette, Markus Naslund) at 11:14
10. Canadiens , Mike York 2 (Saku Koivu, Radim Vrbata) at 17:00
11. Canadiens , Radim Vrbata 2 (Patrick Marleau, Jeff Woywitka) at 17:16
12. Canadiens , Patrick Marleau 5 (Radim Vrbata, Nicklas Lidstrom) at 18:36 (PP)
Penalties :
Dany Heatley (SJS) for Holding (Minor) at 1:01, Ted Purcell (SJS) for Slashing (Minor) at 6:10, Saku Koivu (Mon) for Interference (Minor) at 7:25, Mike York (Mon) for Slashing (Minor) at 13:11, Daniel Alfredsson (SJS) for Hooking (Minor) at 17:23
Goalie Stats
Mike Brodeur (SJS), 11 saves from 14 shots - (0,786), 14:44 minutes
Tyler Weiman (SJS), 23 saves from 29 shots - (0,793), L, 2-2-0, 45:16 minutes
Miika Kiprusoff (Mon), 20 saves from 23 shots - (0,870), W, 1-1-0, 60:00 minutes
Players Stats for Sharks
Player Name G A P +/- PIM S H SB GA TA FO MP PP MP PK MP
------------------------------------------------------------------------------------
Adam Mair 0 0 0 -2 0 0 0 0 0 0 2/4 8:00 0:00 2:11
Alex Pietrangelo 0 1 1 -5 0 1 0 3 1 2 0/0 24:27 3:23 3:35
Antoine Vermette 2 1 3 2 0 4 1 0 0 1 3/8 17:33 3:49 0:26
Brandon Yip 0 0 0 -3 0 0 0 0 1 0 1/2 13:07 0:00 0:00
Daniel Alfredsson 0 0 0 -2 4 3 0 0 0 0 0/0 20:12 2:46 3:45
Dany Heatley 0 0 0 -2 4 1 1 3 2 0 0/0 18:15 2:46 1:43
David Hale 0 0 0 0 0 1 1 0 0 0 0/0 21:34 2:34 2:42
David Legwand 0 0 0 -4 0 3 1 0 1 0 13/30 19:51 2:46 0:00
Francis Bouillon 0 0 0 -1 0 0 0 0 1 0 0/0 12:15 0:00 1:39
Joe Callahan 0 0 0 0 0 0 0 0 0 0 0/0 6:57 1:50 0:00
Johnny Boychuk 0 0 0 -2 0 1 1 2 0 0 0/0 13:35 2:11 2:35
Kyle Wellwood 0 0 0 -3 0 2 1 1 1 0 7/17 19:13 0:38 6:02
Lasse Kukkonen 0 0 0 0 2 3 0 1 0 0 0/0 20:32 2:34 5:43
Markus Naslund 0 1 1 2 0 1 1 0 0 1 2/3 18:14 3:11 2:58
Martin Samuelsson 0 0 0 -2 0 1 1 0 0 0 0/0 7:20 0:00 1:51
Shaone Morrisonn 0 1 1 -2 0 0 0 2 0 1 0/0 20:39 0:38 2:42
Taylor Pyatt 0 0 0 -3 0 1 4 0 0 0 1/1 11:45 0:00 0:00
Ted Purcell 1 1 2 2 2 1 3 1 0 0 0/0 16:13 3:49 0:00
Players Stats for Canadiens
Player Name G A P +/- PIM S H SB GA TA FO MP PP MP PK MP
------------------------------------------------------------------------------------
Brett Clark 0 0 0 1 0 1 1 1 0 1 0/0 17:14 0:00 3:55
Dennis Wideman 0 0 0 0 0 2 1 6 1 0 0/0 21:17 3:00 0:17
Jamie Lundmark 0 0 0 2 0 0 0 1 1 0 3/4 10:41 0:00 3:37
Jeff Woywitka 0 1 1 0 0 1 1 2 0 0 0/0 24:38 3:00 3:38
Josh Gorges 0 0 0 4 0 2 0 2 0 0 0/0 15:01 0:00 2:40
Marek Svatos 2 0 2 3 0 3 2 0 0 1 1/1 14:34 2:59 0:00
Matt Carle 1 1 2 4 0 2 2 1 0 0 0/0 15:01 0:00 2:40
Michel Ouellet 1 2 3 2 0 2 0 0 0 0 1/1 10:52 0:00 3:20
Mike Ribeiro 0 3 3 3 0 2 2 0 0 1 6/11 20:03 6:28 1:30
Mike York 2 1 3 3 2 6 1 0 1 0 0/2 13:27 0:00 0:53
Nicklas Lidstrom 0 2 2 1 2 1 0 1 1 0 0/0 20:17 6:28 0:00
Patrick Marleau 1 1 2 0 0 7 3 1 0 0 0/0 22:44 6:29 0:20
Pierre-Luc Létourneau 0 2 2 2 0 0 0 0 0 0 0/0 6:54 0:00 0:00
Pierre-Marc Bouchard 0 0 0 0 0 3 1 0 0 1 4/9 11:52 2:59 0:00
Radim Vrbata 2 2 4 0 0 5 1 2 0 1 2/3 23:42 6:29 1:45
Riley Cote 0 0 0 0 2 1 0 1 0 1 0/0 11:53 2:59 0:00
Ryan Callahan 0 0 0 0 0 0 1 0 1 0 0/0 8:46 0:00 0:00
Saku Koivu 0 1 1 0 2 5 3 0 0 1 19/34 23:41 6:28 1:45
3 Stars
1 - Radim Vrbata (Mon)
2 - Antoine Vermette (SJS)
3 - Marek Svatos (Mon)
Power Play
Sharks - 1 on 4 Attempt(s) - 25,00%
Canadiens - 2 on 6 Attempt(s) - 33,33%
Penalty Kill
Sharks - 4 on 6 Attempt(s) - 66,67%
- Score 0 goal in Penalty Kill
Canadiens - 3 on 4 Attempt(s) - 75,00%
- Score 0 goal in Penalty Kill
Official
Referees : Kowal Tom and Pochmara Brian
Linesman : Jonny Murray and Lyle Seitz
Game Notes
Johnny Boychuk is injured at 12:18 of 2nd period (Right Hand)
Mike Brodeur enters game at 5:16 of 3rd period
Finance
Level 1 -- Attendance: 4570 (76,17%) -- Ticket Income 457 000 $
Level 2 -- Attendance: 3506 (70,12%) -- Ticket Income 210 360 $
Level 3 -- Attendance: 1279 (63,95%) -- Ticket Income 48 602 $
Level 4 -- Attendance: 2522 (63,05%) -- Ticket Income 75 660 $
Luxury Box -- Attendance: 768 (76,80%) -- Ticket Income 138 240 $
Game was played at the Centre Bell
Total Attendance: 12645 (70,25%)
Total Ticket Income: 929 862 $
Other Income: 139 479 $
Total Income: 1 069 341 $
Sharks
5 vs 5 Forward
Center Left Wing Right Wing Time % Phy DF OF
1 David Legwand Dany Heatley Daniel Alfredsson 40 0 2 3
2 Antoine Vermette Markus Naslund Ted Purcell 30 0 2 3
3 Kyle Wellwood Taylor Pyatt Brandon Yip 20 0 3 2
4 Adam Mair Martin Samuelsson David Legwand 10 1 3 1
5 vs 5 Defense
Defense Defense Time % Phy DF OF
1 Johnny Boychuk Alex Pietrangelo 40 0 3 2
2 David Hale Lasse Kukkonen 30 0 3 2
3 Shaone Morrisonn Francis Bouillon 20 1 3 1
4 Joe Callahan David Hale 10 1 3 1
PowerPlay Forward
Center Left Wing Right Wing Time % Phy DF OF
1 David Legwand Dany Heatley Daniel Alfredsson 55 1 1 3
2 Antoine Vermette Markus Naslund Ted Purcell 45 1 1 3
PowerPlay Defense
Defense Defense Time % Phy DF OF
1 Johnny Boychuk Alex Pietrangelo 55 1 1 3
2 David Hale Lasse Kukkonen 45 1 1 3
Penalty Kill 4 Players Forward
Center Wing Time % Phy DF OF
1 Kyle Wellwood Daniel Alfredsson 60 1 4 0
2 Markus Naslund Martin Samuelsson 40 1 4 0
Penalty Kill 4 Players Defense
Defense Defense Time % Phy DF OF
1 Johnny Boychuk Lasse Kukkonen 60 1 4 0
2 David Hale Shaone Morrisonn 40 1 4 0
Penalty Kill - 3 Players Forward
Forward Time % Phy DF OF
1 Dany Heatley 60 0 5 0
2 Markus Naslund 40 0 5 0
Penalty Kill - 3 Players Defense
Defense Defense Time % Phy DF OF
1 Johnny Boychuk Lasse Kukkonen 60 0 5 0
2 David Hale Shaone Morrisonn 40 0 5 0
4 vs 4 Forward
Center Wing Time % Phy DF OF
1 Antoine Vermette Ted Purcell 55 1 3 1
2 Kyle Wellwood Markus Naslund 45 1 3 1
4 vs 4 Defense
Defense Defense Time % Phy DF OF
1 Lasse Kukkonen Francis Bouillon 55 1 3 1
2 Shaone Morrisonn Joe Callahan 45 1 3 1
Last Minutes Offensive
Center Left Wing Right Wing Defense Defense
David Legwand Dany Heatley Daniel Alfredsson Johnny Boychuk Alex Pietrangelo
Last Minutes Defensive
Center Left Wing Right Wing Defense Defense
Kyle Wellwood Dany Heatley Daniel Alfredsson Johnny Boychuk Lasse Kukkonen
Goaltenders
Starting : Tyler Weiman
Backup : Mike Brodeur
Extra Forwards
Normal : Kyle Wellwood, Brandon Yip, Antoine Vermette - PP : Kyle Wellwood, Markus Naslund - PK : Adam Mair
Extra Defensemen
Normal : Shaone Morrisonn, Francis Bouillon, Joe Callahan - PP : Joe Callahan - PK : Alex Pietrangelo, Francis Bouillon
Penalty Shots
Dany Heatley, Ted Purcell, Daniel Alfredsson, Markus Naslund, Brandon Yip
Canadiens
5 vs 5 Forward
Center Left Wing Right Wing Time % Phy DF OF
1 Saku Koivu Patrick Marleau Radim Vrbata 40 1 2 2
2 Mike Ribeiro Mike York Marek Svatos 30 1 2 2
3 Pierre-Marc Bouchard Riley Cote Ryan Callahan 20 1 1 3
4 Jamie Lundmark Pierre-Luc Létourneau Michel Ouellet 10 1 4 0
5 vs 5 Defense
Defense Defense Time % Phy DF OF
1 Jeff Woywitka Dennis Wideman 40 1 2 2
2 Brett Clark Nicklas Lidstrom 30 1 3 1
3 Matt Carle Josh Gorges 20 1 3 1
4 Jeff Woywitka Nicklas Lidstrom 10 0 4 1
PowerPlay Forward
Center Left Wing Right Wing Time % Phy DF OF
1 Saku Koivu Patrick Marleau Radim Vrbata 60 1 2 2
2 Pierre-Marc Bouchard Riley Cote Marek Svatos 40 1 2 2
PowerPlay Defense
Defense Defense Time % Phy DF OF
1 Mike Ribeiro Nicklas Lidstrom 60 0 1 4
2 Jeff Woywitka Dennis Wideman 40 1 1 3
Penalty Kill 4 Players Forward
Center Wing Time % Phy DF OF
1 Jamie Lundmark Michel Ouellet 60 1 4 0
2 Saku Koivu Radim Vrbata 40 1 3 1
Penalty Kill 4 Players Defense
Defense Defense Time % Phy DF OF
1 Jeff Woywitka Brett Clark 60 1 4 0
2 Matt Carle Josh Gorges 40 1 4 0
Penalty Kill - 3 Players Forward
Forward Time % Phy DF OF
1 Pierre-Marc Bouchard 60 1 4 0
2 Saku Koivu 40 0 5 0
Penalty Kill - 3 Players Defense
Defense Defense Time % Phy DF OF
1 Jeff Woywitka Brett Clark 60 1 4 0
2 Matt Carle Josh Gorges 40 1 4 0
4 vs 4 Forward
Center Wing Time % Phy DF OF
1 Saku Koivu Patrick Marleau 60 0 2 3
2 Pierre-Marc Bouchard Marek Svatos 40 1 2 2
4 vs 4 Defense
Defense Defense Time % Phy DF OF
1 Brett Clark Dennis Wideman 60 1 2 2
2 Josh Gorges Matt Carle 40 1 3 1
Last Minutes Offensive
Center Left Wing Right Wing Defense Defense
Mike Ribeiro Patrick Marleau Marek Svatos Nicklas Lidstrom Dennis Wideman
Last Minutes Defensive
Center Left Wing Right Wing Defense Defense
Saku Koivu Patrick Marleau Marek Svatos Jeff Woywitka Brett Clark
Goaltenders
Starting : Miika Kiprusoff
Backup : Jaroslav Halak
Extra Forwards
Normal : Mike York, Michel Ouellet, Radim Vrbata - PP : Ryan Callahan, Mike York - PK : Mike Ribeiro
Extra Defensemen
Normal : Matt Carle, Jeff Woywitka, Josh Gorges - PP : Matt Carle - PK : Nicklas Lidstrom, Dennis Wideman
Penalty Shots
Mike Ribeiro, Saku Koivu, Mike York, Marek Svatos, Patrick Marleau
% Time on Ice - Sharks
Lines # - Real PCT - Wanted PCT - Time Play
Normal Forward
1 - 32% - 40% - 13:54
2 - 29% - 30% - 12:25
3 - 27% - 20% - 11:45
4 - 12% - 10% - 5:09
Normal Defense
1 - 41% - 40% - 17:55
2 - 29% - 30% - 12:28
3 - 20% - 20% - 8:48
4 - 9% - 10% - 4:02
PP Forward
1 - 52% - 55% - 3:24
2 - 48% - 45% - 3:11
PP Defense
1 - 51% - 55% - 3:23
2 - 49% - 45% - 3:12
PK Forward
1 - 82% - 60% - 7:48
2 - 18% - 40% - 1:40
PK Defense
1 - 71% - 60% - 6:46
2 - 29% - 40% - 2:42
PK3 Forward
1 - 0% - 60%
2 - 0% - 40%
PK3 Defense
1 - 0% - 60%
2 - 0% - 40%
44 Forward
1 - 100% - 55% - 0:44
2 - 0% - 45% - 0:00
44 Defense
1 - 50% - 55% - 0:22
2 - 50% - 45% - 0:22
Last Minute Offensive - 0:00
Last Minute Defensive - 0:00
Total
Forward - 60:00
Defense - 60:00
|
% Time on Ice - Canadiens
Lines # - Real PCT - Wanted PCT - Time Play
Normal Forward
1 - 36% - 40% - 15:27
2 - 28% - 30% - 12:06
3 - 20% - 20% - 8:46
4 - 16% - 10% - 6:54
Normal Defense
1 - 40% - 40% - 17:07
2 - 32% - 30% - 13:59
3 - 26% - 20% - 11:23
4 - 2% - 10% - 0:44
PP Forward
1 - 68% - 60% - 6:29
2 - 32% - 40% - 2:59
PP Defense
1 - 68% - 60% - 6:28
2 - 32% - 40% - 3:00
PK Forward
1 - 73% - 60% - 4:50
2 - 27% - 40% - 1:45
PK Defense
1 - 59% - 60% - 3:55
2 - 41% - 40% - 2:40
PK3 Forward
1 - 0% - 60%
2 - 0% - 40%
PK3 Defense
1 - 0% - 60%
2 - 0% - 40%
44 Forward
1 - 100% - 60% - 0:44
2 - 0% - 40% - 0:00
44 Defense
1 - 100% - 60% - 0:44
2 - 0% - 40% - 0:00
Last Minute Offensive - 0:00
Last Minute Defensive - 0:00
Total
Forward - 60:00
Defense - 60:00
|
Play by Play
1st period
0:01 of 1st period - Radim Vrbata wins face-off versus David Legwand in neutral zone.
1:00 of 1st period - Off-side.
1:01 of 1st period - Jamie Lundmark wins face-off versus Adam Mair in neutral zone.
1:12 of 1st period - Slapshot by Matt Carle.
1:12 of 1st period - Goal by Matt Carle - Sharks : 0 - Canadiens : 1.
1:13 of 1st period - David Legwand wins face-off versus Radim Vrbata in neutral zone.
2:21 of 1st period - Wrist shot by Kyle Wellwood.
2:21 of 1st period - Shot Blocked by Josh Gorges.
2:32 of 1st period - Josh Gorges is hit by Taylor Pyatt.
2:36 of 1st period - Shaone Morrisonn is hit by Ryan Callahan and loses puck.
3:54 of 1st period - Minor Penalty to Riley Cote for Hooking.
3:55 of 1st period - Jamie Lundmark wins face-off versus Antoine Vermette in Canadiens zone.
5:54 of 1st period - Penalty to Riley Cote is over, Riley Cote is back on ice.
6:01 of 1st period - Wrist shot by Pierre-Marc Bouchard.
6:01 of 1st period - Stopped by Tyler Weiman with a rebound.
6:26 of 1st period - Snap shot by Ryan Callahan.
6:26 of 1st period - Shot Misses the Net.
6:32 of 1st period - Wrist shot by Radim Vrbata.
6:32 of 1st period - Shot Misses the Net.
6:44 of 1st period - Kyle Wellwood is hit by Mike Ribeiro and loses puck.
7:11 of 1st period - Wrist shot by Michel Ouellet.
7:11 of 1st period - Shot Misses the Net.
7:13 of 1st period - Snap shot by Riley Cote.
7:13 of 1st period - Stopped by Tyler Weiman with a rebound.
7:15 of 1st period - Slapshot by Brett Clark.
7:15 of 1st period - Deflect By Pierre-Marc Bouchard.
7:15 of 1st period - Shot Misses the Net.
7:15 of 1st period - Puck is out of play.
7:16 of 1st period - Markus Naslund wins face-off versus Pierre-Marc Bouchard in Sharks zone.
7:52 of 1st period - Alex Pietrangelo is hit by Dennis Wideman and loses puck.
8:10 of 1st period - Snap shot by Pierre-Marc Bouchard.
8:10 of 1st period - Deflect By Joe Callahan.
8:10 of 1st period - Shot Misses the Net.
8:10 of 1st period - Puck is out of play.
8:11 of 1st period - Kyle Wellwood wins face-off versus Saku Koivu in Sharks zone.
8:44 of 1st period - Slapshot by Antoine Vermette.
8:44 of 1st period - Shot Misses the Net.
8:46 of 1st period - Wrist shot by Markus Naslund.
8:46 of 1st period - Deflect By Ted Purcell.
8:46 of 1st period - Shot Misses the Net.
8:46 of 1st period - Puck is out of play.
8:47 of 1st period - David Legwand wins face-off versus Saku Koivu in Canadiens zone.
8:54 of 1st period - Snap shot by David Legwand.
8:54 of 1st period - Shot Misses the Net.
8:56 of 1st period - Slapshot by Johnny Boychuk.
8:56 of 1st period - Stopped by Miika Kiprusoff without a rebound.
8:57 of 1st period - Saku Koivu wins face-off versus David Legwand in Canadiens zone.
8:57 of 1st period - Saku Koivu is hit by Dany Heatley.
9:16 of 1st period - Wrist shot by Daniel Alfredsson.
9:16 of 1st period - Shot Misses the Net.
9:34 of 1st period - Wrist shot by David Legwand.
9:34 of 1st period - Shot Blocked by Radim Vrbata.
9:36 of 1st period - Wrist shot by Dany Heatley.
9:36 of 1st period - Shot Blocked by Dennis Wideman.
9:38 of 1st period - Wrist shot by Alex Pietrangelo.
9:38 of 1st period - Shot Misses the Net.
9:40 of 1st period - Slapshot by Alex Pietrangelo.
9:40 of 1st period - Deflect By Daniel Alfredsson.
9:40 of 1st period - Stopped by Miika Kiprusoff without a rebound.
9:41 of 1st period - Antoine Vermette wins face-off versus Mike Ribeiro in Canadiens zone.
9:45 of 1st period - Icing by Marek Svatos.
9:46 of 1st period - Mike Ribeiro wins face-off versus Antoine Vermette in Canadiens zone.
9:59 of 1st period - Snap shot by Mike Ribeiro.
9:59 of 1st period - Shot Misses the Net.
10:01 of 1st period - Wrist shot by Matt Carle.
10:01 of 1st period - Stopped by Tyler Weiman without a rebound.
10:02 of 1st period - David Legwand wins face-off versus Saku Koivu in Sharks zone.
10:11 of 1st period - Snap shot by Dany Heatley.
10:11 of 1st period - Stopped by Miika Kiprusoff with a rebound.
10:29 of 1st period - Dennis Wideman is hit by Markus Naslund and loses puck.
10:35 of 1st period - Off-side.
10:36 of 1st period - David Legwand wins face-off versus Saku Koivu in neutral zone.
10:43 of 1st period - Minor Penalty to Dany Heatley for Interference.
10:44 of 1st period - Saku Koivu wins face-off versus Kyle Wellwood in Sharks zone.
10:46 of 1st period - Wrist shot by Radim Vrbata.
10:46 of 1st period - Shot Blocked by Johnny Boychuk.
10:54 of 1st period - Slapshot by Radim Vrbata.
10:54 of 1st period - Deflect By Patrick Marleau.
10:54 of 1st period - Shot Misses the Net.
10:54 of 1st period - Puck is out of play.
10:55 of 1st period - Saku Koivu wins face-off versus Kyle Wellwood in Sharks zone.
11:04 of 1st period - Wrist shot by Saku Koivu.
11:04 of 1st period - Deflect By Radim Vrbata.
11:04 of 1st period - Stopped by Tyler Weiman with a rebound.
11:06 of 1st period - Slapshot by Nicklas Lidstrom.
11:06 of 1st period - Deflect By Lasse Kukkonen.
11:06 of 1st period - Stopped by Tyler Weiman without a rebound.
11:07 of 1st period - Saku Koivu wins face-off versus Kyle Wellwood in Sharks zone.
11:12 of 1st period - Wrist shot by Saku Koivu.
11:12 of 1st period - Shot Blocked by Lasse Kukkonen.
11:41 of 1st period - Snap shot by Pierre-Marc Bouchard.
11:41 of 1st period - Stopped by Tyler Weiman with a rebound.
12:43 of 1st period - Penalty to Dany Heatley is over, Dany Heatley is back on ice.
12:56 of 1st period - Dany Heatley is hit by Mike Ribeiro and loses puck.
16:04 of 1st period - Slapshot by Brandon Yip.
16:04 of 1st period - Shot Misses the Net.
16:53 of 1st period - David Hale is hit by Pierre-Marc Bouchard and loses puck.
17:25 of 1st period - Johnny Boychuk is hit by Patrick Marleau and loses puck.
17:43 of 1st period - Mike Ribeiro is hit by Taylor Pyatt and loses puck.
18:20 of 1st period - Antoine Vermette is hit by Matt Carle and loses puck.
18:29 of 1st period - Wrist shot by Jamie Lundmark.
18:29 of 1st period - Shot Misses the Net.
18:31 of 1st period - Slapshot by Josh Gorges.
18:31 of 1st period - Stopped by Tyler Weiman with a rebound.
18:41 of 1st period - Antoine Vermette is hit by Marek Svatos and loses puck.
18:50 of 1st period - Wrist shot by Antoine Vermette.
18:50 of 1st period - Shot Misses the Net.
19:11 of 1st period - Kyle Wellwood is hit by Patrick Marleau.
19:58 of 1st period - Icing by Jamie Lundmark.
19:59 of 1st period - Mike Ribeiro wins face-off versus Adam Mair in Canadiens zone.
Goals for this period are 0 for Sharks vs 1 for Canadiens.
Shots for this period are 3 for Sharks vs 8 for Canadiens.
2nd period
0:01 of 2nd period - Radim Vrbata wins face-off versus David Legwand in neutral zone.
0:04 of 2nd period - Snap shot by Radim Vrbata.
0:04 of 2nd period - Shot Misses the Net.
0:06 of 2nd period - Snap shot by Patrick Marleau.
0:06 of 2nd period - Shot Blocked by Alex Pietrangelo.
0:08 of 2nd period - Snap shot by Saku Koivu.
0:08 of 2nd period - Deflect By Patrick Marleau.
0:08 of 2nd period - Stopped by Tyler Weiman with a rebound.
0:10 of 2nd period - Slapshot by Dennis Wideman.
0:10 of 2nd period - Shot Misses the Net.
0:12 of 2nd period - Slapshot by Radim Vrbata.
0:12 of 2nd period - Shot Misses the Net.
0:14 of 2nd period - Wrist shot by Saku Koivu.
0:14 of 2nd period - Deflect By Radim Vrbata.
0:14 of 2nd period - Stopped by Tyler Weiman with a rebound.
0:16 of 2nd period - Slapshot by Dennis Wideman.
0:16 of 2nd period - Stopped by Tyler Weiman with a rebound.
0:26 of 2nd period - Marek Svatos is hit by Ted Purcell and loses puck.
0:50 of 2nd period - Minor Penalty to Nicklas Lidstrom for High sticking.
0:51 of 2nd period - Jamie Lundmark wins face-off versus David Legwand in Canadiens zone.
0:51 of 2nd period - Jamie Lundmark is hit by David Legwand.
1:20 of 2nd period - Slapshot by Lasse Kukkonen.
1:20 of 2nd period - Stopped by Miika Kiprusoff with a rebound.
1:22 of 2nd period - Slapshot by David Hale.
1:22 of 2nd period - Shot Misses the Net.
1:24 of 2nd period - Slapshot by David Hale.
1:24 of 2nd period - Shot Blocked by Brett Clark.
2:01 of 2nd period - Wrist shot by Jeff Woywitka.
2:01 of 2nd period - Deflect By David Legwand.
2:01 of 2nd period - Stopped by Tyler Weiman with a rebound.
2:50 of 2nd period - Penalty to Nicklas Lidstrom is over, Nicklas Lidstrom is back on ice.
3:03 of 2nd period - Snap shot by Taylor Pyatt.
3:03 of 2nd period - Stopped by Miika Kiprusoff without a rebound.
3:04 of 2nd period - Saku Koivu wins face-off versus Kyle Wellwood in Canadiens zone.
3:09 of 2nd period - Shaone Morrisonn is hit by Saku Koivu.
4:02 of 2nd period - Slapshot by Kyle Wellwood.
4:02 of 2nd period - Stopped by Miika Kiprusoff without a rebound.
4:03 of 2nd period - David Legwand wins face-off versus Mike Ribeiro in Canadiens zone.
4:04 of 2nd period - Snap shot by Daniel Alfredsson.
4:04 of 2nd period - Shot Hit the Post.
4:09 of 2nd period - Nicklas Lidstrom is hit by Johnny Boychuk and loses puck.
4:18 of 2nd period - Wrist shot by Marek Svatos.
4:18 of 2nd period - Goal by Marek Svatos - Sharks : 0 - Canadiens : 2.
4:19 of 2nd period - Mike Ribeiro wins face-off versus David Legwand in neutral zone.
4:57 of 2nd period - Wrist shot by Antoine Vermette.
4:57 of 2nd period - Shot Misses the Net.
5:08 of 2nd period - Off-side.
5:09 of 2nd period - Kyle Wellwood wins face-off versus Pierre-Marc Bouchard in neutral zone.
5:18 of 2nd period - Snap shot by Kyle Wellwood.
5:18 of 2nd period - Stopped by Miika Kiprusoff with a rebound.
5:20 of 2nd period - Snap shot by David Hale.
5:20 of 2nd period - Stopped by Miika Kiprusoff with a rebound.
5:24 of 2nd period - Wrist shot by Kyle Wellwood.
5:24 of 2nd period - Shot Misses the Net.
5:40 of 2nd period - Lasse Kukkonen is hit by Saku Koivu and loses puck.
5:51 of 2nd period - Minor Penalty to Daniel Alfredsson for Roughing.
5:52 of 2nd period - Kyle Wellwood wins face-off versus Saku Koivu in Sharks zone.
6:44 of 2nd period - Dany Heatley is hit by Saku Koivu and loses puck.
7:51 of 2nd period - Penalty to Daniel Alfredsson is over, Daniel Alfredsson is back on ice.
11:28 of 2nd period - Dany Heatley is hit by Brett Clark and loses puck.
11:59 of 2nd period - Kyle Wellwood is hit by Jeff Woywitka and loses puck.
12:04 of 2nd period - Wrist shot by Michel Ouellet.
12:04 of 2nd period - Goal by Michel Ouellet - Sharks : 0 - Canadiens : 3.
12:05 of 2nd period - Saku Koivu wins face-off versus David Legwand in neutral zone.
12:10 of 2nd period - Slapshot by Patrick Marleau.
12:10 of 2nd period - Stopped by Tyler Weiman without a rebound.
12:11 of 2nd period - David Legwand wins face-off versus Saku Koivu in Sharks zone.
12:16 of 2nd period - Snap shot by Saku Koivu.
12:16 of 2nd period - Stopped by Tyler Weiman with a rebound.
12:18 of 2nd period - Wrist shot by Saku Koivu.
12:18 of 2nd period - Shot Blocked by Johnny Boychuk.
12:18 of 2nd period - Johnny Boychuk from Sharks is injured at 12:18 of 2nd period (Right Hand).
12:19 of 2nd period - Saku Koivu wins face-off versus David Legwand in Sharks zone.
12:46 of 2nd period - Mike York is hit by Ted Purcell and loses puck.
13:13 of 2nd period - Wrist shot by Michel Ouellet.
13:13 of 2nd period - Shot Misses the Net.
13:15 of 2nd period - Snap shot by Jamie Lundmark.
13:15 of 2nd period - Deflect By Michel Ouellet.
13:15 of 2nd period - Shot Blocked by Shaone Morrisonn.
13:15 of 2nd period - Puck is out of play.
13:16 of 2nd period - David Legwand wins face-off versus Saku Koivu in Sharks zone.
13:16 of 2nd period - David Legwand is hit by Patrick Marleau.
13:26 of 2nd period - Snap shot by David Legwand.
13:26 of 2nd period - Stopped by Miika Kiprusoff without a rebound.
13:27 of 2nd period - Saku Koivu wins face-off versus David Legwand in Canadiens zone.
13:29 of 2nd period - Icing by Patrick Marleau.
13:30 of 2nd period - Saku Koivu wins face-off versus David Legwand in Canadiens zone.
13:59 of 2nd period - Snap shot by Ted Purcell.
13:59 of 2nd period - Deflect By Antoine Vermette.
13:59 of 2nd period - Shot Misses the Net.
13:59 of 2nd period - Puck is out of play.
14:00 of 2nd period - Mike Ribeiro wins face-off versus Antoine Vermette in Canadiens zone.
14:05 of 2nd period - Snap shot by Mike Ribeiro.
14:05 of 2nd period - Stopped by Tyler Weiman with a rebound.
14:12 of 2nd period - Off-side.
14:13 of 2nd period - Saku Koivu wins face-off versus David Legwand in neutral zone.
14:22 of 2nd period - Slapshot by Alex Pietrangelo.
14:22 of 2nd period - Shot Misses the Net.
14:45 of 2nd period - Snap shot by Antoine Vermette.
14:45 of 2nd period - Goal by Antoine Vermette - Sharks : 1 - Canadiens : 3.
14:46 of 2nd period - Saku Koivu wins face-off versus David Legwand in neutral zone.
15:02 of 2nd period - Snap shot by Saku Koivu.
15:02 of 2nd period - Stopped by Tyler Weiman with a rebound.
15:28 of 2nd period - Wrist shot by David Legwand.
15:28 of 2nd period - Shot Misses the Net.
15:48 of 2nd period - Wrist shot by Michel Ouellet.
15:48 of 2nd period - Stopped by Tyler Weiman with a rebound.
15:50 of 2nd period - Snap shot by Josh Gorges.
15:50 of 2nd period - Deflect By Lasse Kukkonen.
15:50 of 2nd period - Stopped by Tyler Weiman with a rebound.
16:04 of 2nd period - Slapshot by Lasse Kukkonen.
16:04 of 2nd period - Stopped by Miika Kiprusoff without a rebound.
16:05 of 2nd period - Markus Naslund wins face-off versus Saku Koivu in Canadiens zone.
16:31 of 2nd period - Dennis Wideman is hit by Taylor Pyatt.
17:13 of 2nd period - Jamie Lundmark is hit by Martin Samuelsson and loses puck.
17:40 of 2nd period - Wrist shot by Pierre-Marc Bouchard.
17:40 of 2nd period - Stopped by Tyler Weiman without a rebound.
17:41 of 2nd period - Adam Mair wins face-off versus Pierre-Marc Bouchard in Sharks zone.
18:00 of 2nd period - Ted Purcell is hit by Radim Vrbata and loses puck.
18:11 of 2nd period - Snap shot by Saku Koivu.
18:11 of 2nd period - Deflect By Lasse Kukkonen.
18:11 of 2nd period - Stopped by Tyler Weiman without a rebound.
18:12 of 2nd period - Brandon Yip wins face-off versus Mike Ribeiro in Sharks zone.
19:14 of 2nd period - Marek Svatos is hit by Taylor Pyatt and loses puck.
19:23 of 2nd period - Snap shot by Marek Svatos.
19:23 of 2nd period - Shot Blocked by Alex Pietrangelo.
19:31 of 2nd period - Snap shot by Marek Svatos.
19:31 of 2nd period - Stopped by Tyler Weiman with a rebound.
19:33 of 2nd period - Wrist shot by Mike Ribeiro.
19:33 of 2nd period - Shot Misses the Net.
19:35 of 2nd period - Snap shot by Marek Svatos.
19:35 of 2nd period - Goal by Marek Svatos - Sharks : 1 - Canadiens : 4.
19:36 of 2nd period - David Legwand wins face-off versus Saku Koivu in neutral zone.
19:38 of 2nd period - Minor Penalty to Lasse Kukkonen for Hooking.
19:39 of 2nd period - Saku Koivu wins face-off versus Kyle Wellwood in Sharks zone.
Goals for this period are 1 for Sharks vs 3 for Canadiens.
Shots for this period are 8 for Sharks vs 16 for Canadiens.
3rd period
0:01 of 3rd period - Kyle Wellwood wins face-off versus Saku Koivu in neutral zone.
0:13 of 3rd period - Off-side.
0:14 of 3rd period - Kyle Wellwood wins face-off versus Saku Koivu in neutral zone.
0:29 of 3rd period - Snap shot by Saku Koivu.
0:29 of 3rd period - Stopped by Tyler Weiman without a rebound.
0:30 of 3rd period - Kyle Wellwood wins face-off versus Saku Koivu in Sharks zone.
0:41 of 3rd period - Snap shot by Radim Vrbata.
0:41 of 3rd period - Goal by Radim Vrbata - Sharks : 1 - Canadiens : 5.
0:42 of 3rd period - David Legwand wins face-off versus Saku Koivu in neutral zone.
0:50 of 3rd period - Snap shot by Daniel Alfredsson.
0:50 of 3rd period - Shot Blocked by Patrick Marleau.
0:52 of 3rd period - Wrist shot by Dany Heatley.
0:52 of 3rd period - Shot Misses the Net.
0:54 of 3rd period - Snap shot by David Hale.
0:54 of 3rd period - Shot Blocked by Dennis Wideman.
0:56 of 3rd period - Snap shot by Daniel Alfredsson.
0:56 of 3rd period - Stopped by Miika Kiprusoff without a rebound.
0:57 of 3rd period - David Legwand wins face-off versus Mike York in Canadiens zone.
1:01 of 3rd period - Minor Penalty to Dany Heatley for Holding.
1:02 of 3rd period - Saku Koivu wins face-off versus Kyle Wellwood in Sharks zone.
1:04 of 3rd period - Wrist shot by Saku Koivu.
1:04 of 3rd period - Stopped by Tyler Weiman with a rebound.
1:06 of 3rd period - Wrist shot by Patrick Marleau.
1:06 of 3rd period - Stopped by Tyler Weiman with a rebound.
1:38 of 3rd period - Snap shot by Marek Svatos.
1:38 of 3rd period - Shot Misses the Net.
1:58 of 3rd period - Riley Cote is hit by David Hale and loses puck.
3:01 of 3rd period - Penalty to Dany Heatley is over, Dany Heatley is back on ice.
3:18 of 3rd period - Slapshot by Dany Heatley.
3:18 of 3rd period - Shot Blocked by Matt Carle.
3:20 of 3rd period - Snap shot by Martin Samuelsson.
3:20 of 3rd period - Stopped by Miika Kiprusoff without a rebound.
3:21 of 3rd period - Pierre-Marc Bouchard wins face-off versus David Legwand in Canadiens zone.
3:44 of 3rd period - Pierre-Luc Létourneau is hit by Antoine Vermette and loses puck.
4:30 of 3rd period - Snap shot by Antoine Vermette.
4:30 of 3rd period - Shot Misses the Net.
5:16 of 3rd period - Wrist shot by Mike York.
5:16 of 3rd period - Goal by Mike York - Sharks : 1 - Canadiens : 6.
5:16 of 3rd period - Mike Brodeur enters game.
5:17 of 3rd period - David Legwand wins face-off versus Saku Koivu in neutral zone.
5:20 of 3rd period - Slapshot by Alex Pietrangelo.
5:20 of 3rd period - Stopped by Miika Kiprusoff with a rebound.
5:22 of 3rd period - Slapshot by Daniel Alfredsson.
5:22 of 3rd period - Shot Misses the Net.
5:24 of 3rd period - Wrist shot by Daniel Alfredsson.
5:24 of 3rd period - Stopped by Miika Kiprusoff with a rebound.
5:26 of 3rd period - Slapshot by Alex Pietrangelo.
5:26 of 3rd period - Shot Misses the Net.
5:28 of 3rd period - Snap shot by David Legwand.
5:28 of 3rd period - Stopped by Miika Kiprusoff with a rebound.
5:30 of 3rd period - Wrist shot by Dany Heatley.
5:30 of 3rd period - Shot Misses the Net.
5:32 of 3rd period - Wrist shot by Dany Heatley.
5:32 of 3rd period - Shot Misses the Net.
5:34 of 3rd period - Snap shot by Daniel Alfredsson.
5:34 of 3rd period - Shot Misses the Net.
5:55 of 3rd period - Snap shot by Kyle Wellwood.
5:55 of 3rd period - Shot Misses the Net.
6:10 of 3rd period - Minor Penalty to Ted Purcell for Slashing.
6:11 of 3rd period - Marek Svatos wins face-off versus Kyle Wellwood in Sharks zone.
6:20 of 3rd period - Slapshot by Alex Pietrangelo.
6:20 of 3rd period - Shot Misses the Net.
7:09 of 3rd period - Slapshot by Shaone Morrisonn.
7:09 of 3rd period - Shot Blocked by Jeff Woywitka.
7:15 of 3rd period - Snap shot by Martin Samuelsson.
7:15 of 3rd period - Deflect By Markus Naslund.
7:15 of 3rd period - Shot Blocked by Radim Vrbata.
7:15 of 3rd period - Puck is out of play.
7:16 of 3rd period - Saku Koivu wins face-off versus Markus Naslund in Canadiens zone.
7:25 of 3rd period - Minor Penalty to Saku Koivu for Interference.
7:26 of 3rd period - Antoine Vermette wins face-off versus Mike York in Canadiens zone.
7:28 of 3rd period - Snap shot by Antoine Vermette.
7:28 of 3rd period - Shot Misses the Net.
7:36 of 3rd period - Slapshot by Dennis Wideman.
7:36 of 3rd period - Stopped by Mike Brodeur with a rebound.
7:38 of 3rd period - Snap shot by Patrick Marleau.
7:38 of 3rd period - Stopped by Mike Brodeur with a rebound.
7:55 of 3rd period - Icing by Brett Clark.
7:56 of 3rd period - Michel Ouellet wins face-off versus Antoine Vermette in Canadiens zone.
8:10 of 3rd period - Penalty to Ted Purcell is over, Ted Purcell is back on ice.
8:41 of 3rd period - Snap shot by Kyle Wellwood.
8:41 of 3rd period - Shot Misses the Net.
8:43 of 3rd period - Snap shot by Ted Purcell.
8:43 of 3rd period - Shot Blocked by Jamie Lundmark.
8:45 of 3rd period - Wrist shot by Shaone Morrisonn.
8:45 of 3rd period - Shot Blocked by Josh Gorges.
8:47 of 3rd period - Snap shot by Antoine Vermette.
8:47 of 3rd period - Goal by Antoine Vermette - Sharks : 2 - Canadiens : 6.
8:48 of 3rd period - Saku Koivu wins face-off versus David Legwand in neutral zone.
8:57 of 3rd period - Snap shot by Patrick Marleau.
8:57 of 3rd period - Stopped by Mike Brodeur with a rebound.
9:18 of 3rd period - Off-side.
9:19 of 3rd period - Kyle Wellwood wins face-off versus Mike Ribeiro in neutral zone.
9:48 of 3rd period - Snap shot by Antoine Vermette.
9:48 of 3rd period - Stopped by Miika Kiprusoff with a rebound.
9:50 of 3rd period - Snap shot by Lasse Kukkonen.
9:50 of 3rd period - Deflect By Marek Svatos.
9:50 of 3rd period - Stopped by Miika Kiprusoff without a rebound.
9:51 of 3rd period - Saku Koivu wins face-off versus Antoine Vermette in Canadiens zone.
10:06 of 3rd period - Snap shot by Antoine Vermette.
10:06 of 3rd period - Shot Blocked by Dennis Wideman.
10:20 of 3rd period - Slapshot by Ted Purcell.
10:20 of 3rd period - Shot Misses the Net.
10:22 of 3rd period - Wrist shot by Ted Purcell.
10:22 of 3rd period - Shot Blocked by Dennis Wideman.
10:28 of 3rd period - Slapshot by Markus Naslund.
10:28 of 3rd period - Stopped by Miika Kiprusoff with a rebound.
10:32 of 3rd period - Slapshot by Ted Purcell.
10:32 of 3rd period - Shot Blocked by Dennis Wideman.
10:34 of 3rd period - Slapshot by Markus Naslund.
10:34 of 3rd period - Shot Misses the Net.
10:36 of 3rd period - Snap shot by Ted Purcell.
10:36 of 3rd period - Shot Blocked by Jeff Woywitka.
10:38 of 3rd period - Wrist shot by Markus Naslund.
10:38 of 3rd period - Shot Blocked by Dennis Wideman.
10:40 of 3rd period - Wrist shot by Ted Purcell.
10:40 of 3rd period - Shot Misses the Net.
11:14 of 3rd period - Wrist shot by Ted Purcell.
11:14 of 3rd period - Goal by Ted Purcell - Sharks : 3 - Canadiens : 6.
11:15 of 3rd period - David Legwand wins face-off versus Mike Ribeiro in neutral zone.
11:26 of 3rd period - Snap shot by Mike Ribeiro.
11:26 of 3rd period - Shot Misses the Net.
11:28 of 3rd period - Wrist shot by Mike York.
11:28 of 3rd period - Shot Blocked by Dany Heatley.
11:30 of 3rd period - Wrist shot by Mike Ribeiro.
11:30 of 3rd period - Shot Blocked by Dany Heatley.
11:32 of 3rd period - Slapshot by Brett Clark.
11:32 of 3rd period - Deflect By Dany Heatley.
11:32 of 3rd period - Stopped by Mike Brodeur without a rebound.
11:33 of 3rd period - Pierre-Marc Bouchard wins face-off versus Brandon Yip in Sharks zone.
11:44 of 3rd period - Slapshot by Alex Pietrangelo.
11:44 of 3rd period - Shot Blocked by Nicklas Lidstrom.
11:46 of 3rd period - Snap shot by Shaone Morrisonn.
11:46 of 3rd period - Shot Misses the Net.
11:48 of 3rd period - Slapshot by Alex Pietrangelo.
11:48 of 3rd period - Deflect By Kyle Wellwood.
11:48 of 3rd period - Shot Blocked by Riley Cote.
11:48 of 3rd period - Puck is out of play.
11:49 of 3rd period - Mike Ribeiro wins face-off versus David Legwand in Canadiens zone.
12:00 of 3rd period - Backhand shot by Mike York.
12:00 of 3rd period - Stopped by Mike Brodeur with a rebound.
12:02 of 3rd period - Slapshot by Mike Ribeiro.
12:02 of 3rd period - Stopped by Mike Brodeur with a rebound.
12:06 of 3rd period - Wrist shot by Mike York.
12:06 of 3rd period - Stopped by Mike Brodeur with a rebound.
13:08 of 3rd period - Slapshot by David Legwand.
13:08 of 3rd period - Stopped by Miika Kiprusoff without a rebound.
13:09 of 3rd period - Mike Ribeiro wins face-off versus David Legwand in Canadiens zone.
13:11 of 3rd period - Minor Penalty to Mike York for Slashing.
13:12 of 3rd period - David Legwand wins face-off versus Jamie Lundmark in Canadiens zone.
14:18 of 3rd period - Dany Heatley is hit by Matt Carle and loses puck.
14:53 of 3rd period - Jeff Woywitka is hit by Ted Purcell and loses puck.
15:11 of 3rd period - Penalty to Mike York is over, Mike York is back on ice.
15:19 of 3rd period - Wrist shot by Mike York.
15:19 of 3rd period - Shot Blocked by Ted Purcell.
15:25 of 3rd period - Wrist shot by Saku Koivu.
15:25 of 3rd period - Shot Misses the Net.
15:27 of 3rd period - Snap shot by Mike York.
15:27 of 3rd period - Stopped by Mike Brodeur without a rebound.
15:28 of 3rd period - Pierre-Marc Bouchard wins face-off versus Kyle Wellwood in Sharks zone.
16:08 of 3rd period - David Hale is hit by Mike York and loses puck.
16:19 of 3rd period - Dennis Wideman is hit by Kyle Wellwood and loses puck.
16:44 of 3rd period - Icing by Alex Pietrangelo.
16:45 of 3rd period - Adam Mair wins face-off versus Saku Koivu in Sharks zone.
16:58 of 3rd period - Snap shot by Mike York.
16:58 of 3rd period - Stopped by Mike Brodeur with a rebound.
17:00 of 3rd period - Wrist shot by Mike York.
17:00 of 3rd period - Goal by Mike York - Sharks : 3 - Canadiens : 7.
17:01 of 3rd period - Saku Koivu wins face-off versus David Legwand in neutral zone.
17:10 of 3rd period - Wrist shot by Patrick Marleau.
17:10 of 3rd period - Shot Blocked by Shaone Morrisonn.
17:12 of 3rd period - Slapshot by Patrick Marleau.
17:12 of 3rd period - Shot Blocked by Alex Pietrangelo.
17:14 of 3rd period - Slapshot by Patrick Marleau.
17:14 of 3rd period - Stopped by Mike Brodeur with a rebound.
17:16 of 3rd period - Snap shot by Radim Vrbata.
17:16 of 3rd period - Goal by Radim Vrbata - Sharks : 3 - Canadiens : 8.
17:17 of 3rd period - Saku Koivu wins face-off versus David Legwand in neutral zone.
17:23 of 3rd period - Minor Penalty to Daniel Alfredsson for Hooking.
17:24 of 3rd period - Saku Koivu wins face-off versus Kyle Wellwood in Sharks zone.
17:24 of 3rd period - Backhand shot by Radim Vrbata.
17:24 of 3rd period - Shot Misses the Net.
18:28 of 3rd period - Snap shot by Radim Vrbata.
18:28 of 3rd period - Stopped by Mike Brodeur with a rebound.
18:30 of 3rd period - Slapshot by Nicklas Lidstrom.
18:30 of 3rd period - Shot Blocked by Kyle Wellwood.
18:32 of 3rd period - Wrist shot by Nicklas Lidstrom.
18:32 of 3rd period - Shot Blocked by Dany Heatley.
18:34 of 3rd period - Snap shot by Radim Vrbata.
18:34 of 3rd period - Shot Misses the Net.
18:36 of 3rd period - Wrist shot by Patrick Marleau.
18:36 of 3rd period - Goal by Patrick Marleau - Sharks : 3 - Canadiens : 9.
18:37 of 3rd period - Antoine Vermette wins face-off versus Pierre-Marc Bouchard in neutral zone.
18:46 of 3rd period - Slapshot by Antoine Vermette.
18:46 of 3rd period - Stopped by Miika Kiprusoff with a rebound.
19:28 of 3rd period - David Legwand is hit by Marek Svatos and loses puck.
19:36 of 3rd period - Icing by Martin Samuelsson.
19:37 of 3rd period - Taylor Pyatt wins face-off versus Pierre-Marc Bouchard in Sharks zone.
19:39 of 3rd period - Icing by Kyle Wellwood.
19:40 of 3rd period - Pierre-Marc Bouchard wins face-off versus Kyle Wellwood in Sharks zone.
Goals for this period are 2 for Sharks vs 5 for Canadiens.
Shots for this period are 12 for Sharks vs 19 for Canadiens.
Output by the SimonT Hockey Simulator (STHS) for François Prévost -- Original Page W3C XHTML 1.0 Valid